 Dungeon Crawl Stone Soup version 0.30-b1-2-g02819fbbbe (webtiles) character file.

Game seed: 16450365154386619876

49 Anothat the Trooper (level 3, -1/33 HPs)
             Began as a Hill Orc Fighter on May 7, 2023.
             Slain by Sigmund
             ... wielding a +0 scythe
              (3 damage)
             ... on level 2 of the Dungeon.
             The game lasted 00:01:42 (793 turns).

Anothat the Trooper (Hill Orc Fighter)               Turns: 793, Time: 00:01:42

Health: -1/33      AC:  7    Str: 20    XL:     3   Next: 75%
Magic:  3/3        EV:  9    Int: 10    God:
Gold:   99         SH:  4    Dex: 10    Spells: 2/2 levels left

rFire   + . .        n - +3 flail of Tiusush {flame, Int+2}
rCold   + . .        c - +0 buckler
rNeg    . . .        b - +0 scale mail
rPois   +            (no helmet)
rElec   +            (no cloak)
rCorr   +            (no gloves)
SInv    .            (no boots)
Will    .....        (no amulet) Stlth
                     (no ring)
HPRegen 0.25/turn    (no ring)
MPRegen 0.08/turn

%: no passive effects
@: brilliant, resistant
A: no striking features
a: no special abilities


You were on level 2 of the Dungeon.
You visited 1 branch of the dungeon, and saw 2 of its levels.

You collected 99 gold pieces.

Inventory:

Hand Weapons
 a - a +0 rapier
 n - the +3 flail of Tiusush (weapon) {flame, Int+2}
   (You found it on level 2 of the Dungeon)

   Int:       It affects your intelligence (+2).
Armour
 b - a +0 scale mail (worn)
 c - a +0 buckler (worn)
 e - a +0 cloak
Scrolls
 h - a scroll of enchant armour {unknown}
 k - a scroll of vulnerability {unknown}
 l - a scroll of fear {unknown}
 m - a scroll of identify {unknown}
 o - a scroll of enchant weapon {unknown}
 p - a scroll of noise {unknown}
 q - a scroll of blinking {unknown}
Potions
 d - a potion of might


   Skills:
 + Level 4.2 Fighting
 - Level 2.0(2.1) Short Blades
 - Level 1.1(1.8) Long Blades
 + Level 3.8 Armour
 + Level 3.8 Shields


You had 2 spell levels left.
You didn't know any spells.
Your spell library was empty.

Dungeon Overview and Level Annotations

Branches:
Dungeon (2/15)

Altars:

Shops:
D:1 (

Annotations:
D:2 Sigmund


Message History

You bump into the rock wall.
Something hits you but does no damage.
You bump into the rock wall.
You bump into the rock wall.
You feel less confused.
You hear some strange, mumbled words.
A magic dart appears from out of thin air!
The magic dart hits you.
You barely miss something. Something hits you!
You thump something! You burn something.
You hear some strange, mumbled words.
You are confused.
Something hits you!
You feel very mighty all of a sudden. Something hits you.
It was a potion of cancellation.
Your magical effects are unravelling.
You feel magically purged.
You feel less confused.
You feel a little less mighty now. Something hits you but does no damage.
It was a potion of curing.
You feel better. Something hits you.
You closely miss something.
The rat twitches its whiskers.
You hear some strange, mumbled words.
Something tries to affect you, but you resist.
You hit something. You burn something.
You hear some strange, mumbled words.
A magic dart appears from out of thin air!
The magic dart hits you!
* * * LOW HITPOINT WARNING * * *
You sock something! You burn something. Something hits you.
* * * LOW HITPOINT WARNING * * *
It was a potion of resistance.
You feel protected. Something hits you.
* * * LOW HITPOINT WARNING * * *
It was a potion of brilliance.
You feel clever all of a sudden. Something hits you.
You die...

................#.....# #
..######..............###########
...## #.........##..............
.†..# #....##........###########
...## #.#.###.#.....##
..######)#..##.#.##..#
..........#)##.#.##..##
.......#..#.##..#.....#
.#####.#..#.####@##...# .
#.#..#.# #{# ..# . #.#..... #B#
.# . #.#..... .r. # . #.###...
#.# . ... ..## #.# #.# ..# ###


You could see a giant cockroach and a rat.

Vanquished Creatures
  Jessica (D:2)
  An adder (D:2)
  A bat (D:1)
  An endoplasm (D:1)
  A giant cockroach (D:1)
  A goblin (D:2)
  2 hobgoblins
  3 ball pythons
  A frilled lizard (D:1)
  A kobold (D:1)
  2 rats
15 creatures vanquished.

Notes
Turn   | Place    | Note
-------+----------+-------------------------------------------
     0 | D:1      | Anothat the Hill Orc Fighter began the quest for the Orb.
     0 | D:1      | Reached XP level 1. HP: 19/19 MP: 1/1
   234 | D:1      | Reached XP level 2. HP: 27/27 MP: 2/2
   279 | D:1      | Found Xefidyt's Antique Weapon Shop.
   533 | D:2      | Identified the +3 flail of Tiusush {flame, Int+2}
   537 | D:2      | Reached skill level 4 in Fighting
   537 | D:2      | Reached skill level 1 in Long Blades
   635 | D:2      | Noticed Jessica
   638 | D:2      | Killed Jessica
   639 | D:2      | Reached XP level 3. HP: 31/33 MP: 3/3
   774 | D:2      | Noticed Sigmund
   793 | D:2      | Slain by Sigmund

Illustrated notes

Levels and vault maps discovered:
D:1:      zaba_arrival_water, layout_basic, serial_shops, shop
D:2:      layout_loops_ring, uniq_jessica, uniq_sigmund

Skill      XL: |  1  2 |
---------------+-------+-----
Fighting       | 4 |  4.2
Long Blades    | 1 |  1.1
Short Blades   | |  2.0
Armour         | |  3.8
Shields        | |  3.8

Action                     || total
---------------------------++-------
  Melee: Rapier            ||    32
         Flail             ||    12
    Use: Potion            ||     5
 Armour: Scale mail        ||    22
  Dodge: Dodged            ||    12
  Block: Buckler           ||    10
